Map: Acid Plant LE

Players

ShadowHawke - Winner!

  • Race: Protoss Protoss
  • Spawn Location: 11:00

Smoke

  • Race: Terran Terran
  • League: Gold
  • Spawn Location: 5:00

VOD

Have the link to the VOD?

Description

Time

  • Played on: March 30, 2018, 1:22 p.m.
  • Length: 23:14
Show
View Real Time Build Order
Export as new Build Order

ShadowHawke Protoss - Winner!

Build Orders: Double Forge 

Get SALT Encoding   

  12  0:01  Probe  
  13  0:13  Probe  
  14  0:21  Pylon  
  14  0:25  Probe  
  15  0:39  Probe (Chrono Boost)  
  16  0:44  Gateway  
  16  0:48  Probe (Chrono Boost)  
  17  0:53  Probe (Chrono Boost)  
  18  0:58  Assimilator  
  18  1:05  Probe (Chrono Boost)  
  19  1:13  Probe (Chrono Boost)  
  19  1:18  Pylon  
  20  1:19  Probe  
  21  1:31  Cybernetics Core, Probe  
  22  1:38  Zealot  
  24  1:43  Probe  
  25  1:56  Probe (Chrono Boost)  
  25  2:05  Warp Gate (Chrono Boost)  
  25  2:06  Assimilator  
  25  2:08  Probe (Chrono Boost)  
  26  2:12  Stalker  
  26  2:15  Probe (Chrono Boost)  
  29  2:22  Probe, Gateway  
  30  2:34  Probe  
  31  2:58  Pylon  
  31  3:00  Pylon  
  31  3:01  Pylon  
  31  3:16  Stalker, Sentry, Probe  
  36  3:23  Nexus  
  36  3:28  Pylon, Probe  
  37  3:40  Probe  
  38  3:42  Stalker  
  38  3:46  Sentry  
  42  3:52  Probe  
  42  3:55  Assimilator  
  43  4:00  Assimilator  
  43  4:05  Probe  
  43  4:06  Forge  
  44  4:10  Forge  
  44  4:15  Pylon  
  44  4:17  Probe  
  45  4:29  Probe  
  46  4:40  Robotics Facility  
  46  4:42  Probe x2 (Chrono Boost), Gateway  
  48  4:52  Probe (Chrono Boost)  
  49  4:56  Probe (Chrono Boost)  
  50  5:04  Gateway  
  50  5:05  Twilight Council  
  50  5:17  Zealot x2  
  54  5:39  Stalker x2  
  38  6:09  Immortal (Chrono Boost)  
  42  6:11  Charge  
  42  6:13  Zealot x2  
  42  6:16  Probe  
  47  6:21  Stalker  
  47  6:22  Stalker  
  51  6:28  Probe  
  48  6:35  Zealot x2  
  46  6:40  Probe  
  43  6:48  Stalker x2  
  39  7:05  Stalker  
  39  7:06  Stalker  
  37  7:23  Stalker x2  
  41  7:34  Zealot x2  
  33  7:57  Probe (Chrono Boost)  
  30  8:05  Probe (Chrono Boost)  
  28  8:07  Probe (Chrono Boost)  
  28  8:08  Immortal  
  28  8:12  Probe x2 (Chrono Boost)  
  33  8:15  Zealot x3  
  33  8:16  Zealot  
  42  8:23  Probe x2, Pylon  
  42  8:25  Pylon  
  44  8:35  Probe  
  44  8:37  Gateway  
  44  8:38  Gateway  
  45  8:43  Assimilator, Gateway  
  45  8:46  Sentry x4  
  53  9:05  Probe  
  54  9:11  Immortal  
  54  9:14  Blink  
  58  9:17  Probe  
  59  9:29  Probe  
  60  9:31  Stalker x2  
  60  9:32  Stalker  
  60  9:34  Sentry  
  54  9:54  Stalker x4  
  62  10:00  Stalker  
  64  10:20  Nexus  
  64  10:23  Probe  
  64  10:24  Probe, Assimilator  
  66  10:35  Probe  
  67  10:44  Stalker x3  
  67  10:48  Probe (Chrono Boost)  
  75  10:58  Probe (Chrono Boost)  
  75  11:00  Probe (Chrono Boost)  
  75  11:03  Probe (Chrono Boost)  
  76  11:09  Probe  
  78  11:14  Probe  
  78  11:17  Stalker  
  81  11:21  Probe  
  82  11:27  Probe (Chrono Boost)  
  83  11:34  Probe (Chrono Boost)  
  83  11:36  Probe (Chrono Boost)  
  83  11:39  Probe (Chrono Boost)  
  86  11:41  Pylon  
  86  11:43  Pylon  
  86  11:45  Probe (Chrono Boost)  
  88  11:48  Probe (Chrono Boost)  
  88  11:57  Probe  
  89  12:06  Probe x2  
  89  12:08  Stalker x6  
  97  12:11  Zealot  
  105  12:18  Probe x2  
  105  12:22  Assimilator  
  107  12:26  Forge  
  107  12:29  Forge  
  107  12:33  Immortal  
  107  12:36  Zealot x2  
  115  12:41  Zealot  
  117  12:57  Pylon  
  117  12:58  Pylon  
  117  13:00  Pylon  
  117  13:01  Protoss Ground Armor Level 1 (Chrono Boost)  
  117  13:02  Protoss Ground Weapons Level 1 (Chrono Boost)  
  117  13:06  Pylon  
  117  13:07  Pylon  
  117  13:09  Pylon  
  117  13:13  Pylon  
  117  13:20  Probe x2  
  117  13:23  Stalker x3  
  117  13:24  Stalker x2  
  129  13:29  Immortal  
  123  14:05  Stalker x4  
  123  14:06  Stalker x2  
  123  14:07  Sentry  
  77  14:42  Protoss Ground Weapons Level 2 (Chrono Boost)  
  77  14:43  Protoss Ground Armor Level 2 (Chrono Boost)  
  77  15:00  Robotics Facility  
  77  15:03  Nexus  
  77  15:16  Robotics Bay  
  77  15:18  Stalker x4  
  77  15:19  Stalker  
  77  15:20  Stalker  
  89  15:30  Immortal  
  93  15:41  Pylon  
  93  15:43  Pylon  
  93  15:45  Stalker x4, Pylon  
  93  15:46  Stalker x3  
  107  15:50  Immortal  
  111  16:09  Immortal (Chrono Boost)  
  111  16:10  Extended Thermal Lance  
  115  16:25  Stalker x2  
  115  16:26  Stalker  
  115  16:28  Sentry x2  
  115  16:29  Sentry  
  133  16:36  Colossus (Chrono Boost)  
  133  16:43  Colossus (Chrono Boost)  
  133  16:45  Probe  
  133  16:46  Probe  
  141  16:49  Probe  
  142  16:58  Probe  
  142  17:01  Probe  
  144  17:02  Protoss Ground Armor Level 3 (Chrono Boost)  
  144  17:12  Stalker x5, Protoss Ground Weapons Level 3 (Chrono Boost)  
  154  17:21  Zealot  
  154  17:22  Zealot  
  158  17:42  Zealot x3  
  158  17:43  Zealot x4  
  172  17:51  Colossus  
  162  18:16  Zealot x3  
  162  18:17  Zealot x4  
  134  18:44  Stalker x2  
  134  18:45  Stalker x2  
  134  18:46  Zealot x2  
  134  18:47  Zealot  
  140  19:11  Immortal  
  140  19:12  Nexus  
  118  19:50  Immortal  
  108  19:56  Stalker x4  
  108  19:57  Stalker x3  
  110  20:00  Protoss Shields Level 1  
  92  20:29  Immortal  
  92  20:34  Stalker x5  
  92  20:35  Stalker  
  88  21:04  Probe x4  
  88  21:05  Probe  
  88  21:08  Assimilator, Immortal  
  97  21:12  Assimilator  
  97  21:13  Stalker x2  
  97  21:14  Stalker x5  
  97  21:16  Probe x3  
  97  21:17  Probe  
  115  21:30  Gateway  
  115  21:32  Gateway  
  115  21:34  Gateway  
  115  21:36  Gateway  
  115  21:41  Gateway  
  115  21:48  Immortal  
  119  22:01  Probe  
  119  22:04  Stalker  
  119  22:05  Stalker x4  
  130  22:11  Pylon  
  130  22:12  Pylon  
  130  22:13  Probe  
  131  22:25  Probe  
  132  22:35  Stalker x6  
  132  22:36  Stalker  
  146  22:37  Probe  
  131  22:59  Stalker  
  131  23:00  Stalker x4  
  131  23:01  Stalker x6  
  131  23:02  Stalker  
Show
View Real Time Build Order
Export as new Build Order

Smoke Terran 

Build Orders: Liberator Opening 

Get SALT Encoding   

  12  0:02  SCV  
  13  0:14  SCV  
  14  0:18  Supply Depot  
  14  0:26  SCV  
  15  0:40  SCV  
  15  0:41  Barracks  
  16  0:52  SCV  
  17  1:04  SCV  
  18  1:10  Refinery  
  18  1:11  Refinery  
  18  1:16  SCV  
  19  1:29  Orbital Command  
  19  1:39  Supply Depot  
  19  1:43  Marine  
  20  1:55  SCV  
  20  1:57  Factory  
  21  2:09  Engineering Bay  
  21  2:10  Marine  
  23  2:15  SCV  
  23  2:27  SCV  
  24  2:33  Marine  
  25  2:39  SCV  
  26  2:45  Factory  
  26  2:46  Factory Tech Lab  
  26  2:52  SCV  
  26  2:54  Starport  
  27  3:00  Marine  
  27  3:03  Missile Turret  
  27  3:04  SCV  
  29  3:16  SCV  
  30  3:27  Marine  
  30  3:29  Missile Turret  
  30  3:30  Missile Turret  
  30  3:31  Factory Tech Lab  
  31  3:39  Missile Turret  
  31  3:42  Supply Depot  
  31  3:46  Liberator  
  31  4:00  Supply Depot  
  31  4:04  SCV, Cyclone  
  31  4:05  Siege Tank  
  31  4:06  Barracks Tech Lab  
  41  4:10  Bunker  
  41  4:16  SCV  
  42  4:24  Supply Depot  
  42  4:28  SCV  
  42  4:29  Liberator  
  46  4:55  Missile Turret  
  46  4:58  SCV  
  47  5:04  Siege Tank  
  50  5:07  Siege Tank  
  50  5:10  SCV  
  54  5:24  Missile Turret  
  54  5:25  Liberator  
  54  5:40  SCV  
  58  5:44  Supply Depot  
  48  6:06  SCV  
  48  6:08  Liberator  
  50  6:18  SCV  
  53  6:30  SCV  
  54  6:42  SCV, Siege Tank  
  58  6:54  SCV  
  52  7:05  Siege Tank  
  52  7:06  SCV  
  47  7:19  SCV  
  47  7:22  Siege Tank  
  51  7:24  Liberator  
  50  7:31  SCV  
  51  7:37  Barracks  
  51  7:43  SCV  
  55  7:51  Command Center  
  52  7:52  Refinery  
  52  7:54  Refinery  
  52  7:55  SCV  
  49  7:58  Command Center  
  46  8:07  SCV, Siege Tank  
  50  8:19  SCV  
  51  8:31  SCV  
  52  8:43  SCV  
  52  8:44  Supply Depot  
  52  8:45  Siege Tank  
  56  8:55  SCV  
  57  9:05  Supply Depot, SCV  
  57  9:06  Supply Depot  
  57  9:07  SCV  
  62  9:10  Sensor Tower, Siege Tank  
  62  9:15  Reaper  
  62  9:16  SCV  
  64  9:17  SCV  
  64  9:20  Missile Turret, SCV  
  66  9:32  SCV  
  67  9:44  SCV  
  54  9:56  SCV  
  51  10:02  SCV x2  
  53  10:08  SCV  
  53  10:10  Supply Depot x2  
  53  10:11  Supply Depot  
  55  10:14  SCV  
  55  10:17  Factory  
  55  10:19  Planetary Fortress  
  55  10:20  Factory, SCV  
  56  10:21  Factory  
  56  10:26  SCV  
  57  10:33  SCV  
  58  10:38  Refinery, SCV  
  58  10:39  Refinery  
  59  10:45  SCV  
  60  10:54  Orbital Command  
  60  10:57  SCV  
  60  11:02  Starport Tech Lab  
  61  11:05  Terran Infantry Weapons Level 1  
  61  11:06  Armory  
  61  11:11  Factory Tech Lab x2  
  61  11:12  SCV  
  61  11:14  SCV  
  63  11:19  Factory Tech Lab  
  63  11:22  SCV, Factory Tech Lab x2  
  63  11:24  SCV  
  65  11:26  SCV  
  65  11:28  Marine  
  67  11:34  SCV  
  67  11:35  Refinery  
  67  11:36  SCV  
  67  11:37  Command Center  
  67  11:38  SCV, Refinery  
  70  11:45  Marine  
  70  11:46  SCV  
  78  11:48  SCV  
  78  11:50  SCV  
  78  11:52  Barracks  
  80  11:56  Barracks  
  80  12:03  Marine  
  75  12:10  SCV  
  75  12:14  Thor x3  
  94  12:21  Marine  
  95  12:31  Command Center  
  95  12:33  Missile Turret  
  95  12:35  Missile Turret  
  95  12:36  Missile Turret  
  95  12:38  Supply Depot  
  95  12:39  Marine  
  95  12:42  SCV  
  97  12:49  SCV x2  
  99  12:52  Command Center  
  99  12:54  Planetary Fortress  
  99  12:56  SCV  
  100  12:59  Missile Turret  
  100  13:01  SCV, Thor  
  100  13:04  SCV  
  108  13:08  SCV  
  108  13:22  Supply Depot  
  108  13:23  Sensor Tower x2, Thor  
  108  13:24  Thor  
  120  13:33  SCV x3  
  123  13:35  Sensor Tower  
  122  13:43  Planetary Fortress  
  122  13:44  Thor  
  128  13:49  SCV x2  
  128  13:50  SCV  
  114  14:36  Thor x3  
  132  14:43  SCV x2  
  132  14:45  Command Center  
  134  14:48  Refinery, SCV  
  134  14:51  Marine  
  136  14:53  SCV  
  136  14:56  SCV  
  136  14:58  Planetary Fortress  
  138  15:09  Marine  
  138  15:10  SCV x2  
  141  15:18  Thor  
  141  15:19  SCV  
  148  15:22  Thor x2  
  148  15:26  SCV  
  161  15:46  Command Center  
  161  16:01  Thor  
  167  16:09  Command Center, Thor x2  
  167  16:10  SCV  
  180  16:14  Starport  
  180  16:17  Starport  
  180  16:21  Starport  
  180  16:35  Terran Vehicle Weapons Level 1  
  178  17:01  Planetary Fortress  
  178  17:03  Factory Tech Lab  
  178  17:04  Barracks Tech Lab  
  178  17:06  SCV  
  179  17:12  Refinery  
  179  17:22  Planetary Fortress  
  179  17:28  Refinery  
  179  17:39  Supply Depot x2  
  179  17:40  Supply Depot  
  179  17:47  Starport Tech Lab  
  179  17:48  Starport Tech Lab  
  179  17:59  Barracks Tech Lab  
  179  18:00  Thor  
  179  18:02  Supply Depot x2  
  179  18:05  Supply Depot  
  147  18:33  Thor x2  
  135  18:35  Banshee x2  
  111  18:42  Planetary Fortress  
  111  18:43  Thor  
  117  18:53  Factory  
  117  18:55  Widow Mine  
  119  18:56  Factory  
  119  18:58  Factory  
  101  19:16  Widow Mine  
  103  19:18  Banshee x2  
  103  19:19  Thor x2  
  121  19:26  Thor  
  125  19:37  Thor  
  93  20:01  Banshee  
  90  20:22  Banshee  
  93  20:35  Siege Tank x4  
  84  20:36  SCV  
  82  20:43  SCV, Banshee  
  85  21:00  SCV x2  
  85  21:05  Banshee  
  85  21:07  Siege Tank  
  91  21:14  Command Center  
  91  21:16  Refinery  
  90  21:18  Refinery  
  90  21:22  Siege Tank x3  
  98  21:26  Banshee  
  101  21:35  Supply Depot  
  101  21:37  Supply Depot  
  101  21:39  Siege Tank  
  104  21:47  Banshee  
  107  22:01  Supply Depot x2  
  107  22:04  Supply Depot  
  107  22:09  Viking  
  109  22:17  SCV  
  109  22:22  Factory Tech Lab  
  110  22:23  Factory Tech Lab  
Tags
 
Add a new tag
Caveats
  • Supply blocks, unpowered buildings, or Contaminate may cause inaccurate times.
  • Supply counts are checked every 10 seconds.